 Dungeon Crawl Stone Soup version 0.20.0-15-g7f486f2 (webtiles) character file.

155 Pikken the Ruffian (level 5, -1/53 HPs)
             Began as a Troll Monk on June 18, 2017.
             Succumbed to Crazy Yiuf's poison
             ... on level 2 of the Dungeon.
             The game lasted 00:05:21 (1752 turns).

Pikken the Ruffian (Troll Monk)                     Turns: 1752, Time: 00:05:22

Health: -1/53      AC:  6    Str: 19    XL:     5   Next: 14%
Magic:  4/4        EV: 11    Int:  6    God:
Gold:   91         SH:  0    Dex: 13    Spells: 4/4 levels left

rFire    . . .     SeeInvis .     - Unarmed
rCold    . . .     Gourm    +   (no shield)
rNeg     . . .     Faith    .   a - +0 robe
rPois    .         Spirit   .   (helmet restricted)
rElec    .         Reflect  .   (no cloak)
rCorr    .         Harm     .   (gloves unavailable)
MR       .....                  (boots unavailable)
Stlth    ++........             (no amulet)
Regen    0.6/turn               (no ring)
MPRegen  0.1/turn               (no ring)

@: lethally poisoned (-1 -> -6), drained
A: unfitting armour, claws 3, horns 1, fast metabolism 3, gourmand, regeneration
1, shaggy fur 2, tough skin 2, evolution 2
a: no special abilities


You were on level 2 of the Dungeon.
You were very full.

You visited 1 branch of the dungeon, and saw 2 of its levels.

You collected 91 gold pieces.

Inventory:

Armour
 a - a +0 robe (worn)
Jewellery
 d - an uncursed ring of protection from fire {unknown}
 e - a cursed ring of loudness {unknown}
Scrolls
 c - a scroll of fog
Potions
 f - a potion of curing
Comestibles
 b - 2 bread rations
 g - a meat ration


   Skills:
 + Level 3.0(2.8) Fighting
 + Level 3.1(2.9) Dodging
 + Level 1.3(1.1) Stealth
 + Level 4.6(4.4) Unarmed Combat


You had 4 spell levels left.
You didn't know any spells.

Dungeon Overview and Level Annotations

Branches:
Dungeon (2/15)

Altars:


Innate Abilities, Weirdness & Mutations

You are too large for most types of armour.
You have claws for hands.
Your metabolism is lightning-fast.
You like to eat raw meat.
Your natural rate of healing is unusually fast.
You are covered in thick fur. (AC +2)
You have very tough skin. (AC +2)
You have a pair of small horns on your head.
You rapidly evolve.


Message History

You scratch Crazy Yiuf but do no damage.
Crazy Yiuf is almost dead.
You feel sick.
Crazy Yiuf hits you with a quarterstaff of chaos.
Crazy Yiuf burns you.
You scratch Crazy Yiuf.
Crazy Yiuf is almost dead.
You feel sick.
Crazy Yiuf hits you with a quarterstaff of chaos!
* * * LOW HITPOINT WARNING * * *
You feel drained.
* * * LOW HITPOINT WARNING * * *
You barely miss Crazy Yiuf. Your headbutt misses Crazy Yiuf.
Crazy Yiuf is almost dead.
* * * LOW HITPOINT WARNING * * *
You feel sick. Crazy Yiuf completely misses you.
You claw Crazy Yiuf!
You kill Crazy Yiuf!
You have reached level 5!
You die...

#######....# ♣PP)P♣ #.......####
##....###..# ♣.P)♣♣ #.......'...
...........# ♣♣.♣♣ #.......####
##....###.## ♣.♣♣ #.......# #
...........# ♣♣.♣ #.......# #
#########.## ♣.♣♣ #.......# ##
#....# ♣♣.♣ #.......# #. #....#
##'## ######### #. #....# #.@.#
#. ##....# #.).# #. #.....# #..)#
***########. #####.....# #####
*,,.......'. ......#...#
**#########.
......#.#.############,..........
......#.#>.........#.#*##########
......#.#.#........#.#
......#............#.# ##### ##


There were no monsters in sight!

Vanquished Creatures
  Crazy Yiuf (D:2)
  Natasha (twice) (D:2)
  3 adders
  2 oozes
  A dart slug (D:2)
  A giant cockroach (D:2)
  3 goblins (D:1)
  4 hobgoblins
  5 jackals (D:2)
  5 kobolds
  6 bats
  2 frilled lizards
  8 rats
43 creatures vanquished.

Notes
Turn   | Place    | Note
-------+----------+-------------------------------------------
     0 | D:1      | Pikken the Troll Monk began the quest for the Orb.
     0 | D:1      | Reached XP level 1. HP: 22/22 MP: 0/0
   189 | D:1      | Reached XP level 2. HP: 29/29 MP: 1/1
   534 | D:1      | Gained mutation: You are covered in thick fur. (AC +2) [potion of mutation]
   534 | D:1      | Gained mutation: You evolve. [potion of mutation]
   534 | D:1      | Gained mutation: You rapidly evolve. [potion of mutation]
   755 | D:1      | Reached XP level 3. HP: 36/36 MP: 2/2
   866 | D:2      | Noticed Natasha
   886 | D:2      | Killed Natasha
   900 | D:2      | Reached XP level 4. HP: 44/44 MP: 3/3
   991 | D:2      | Noticed Natasha
  1007 | D:2      | Killed Natasha
  1007 | D:2      | Reached skill level 4 in Unarmed Combat
  1256 | D:2      | Gained mutation: You have a pair of small horns on your head. [evolution]
  1738 | D:2      | Found a runed door.
  1742 | D:2      | Noticed Crazy Yiuf
  1750 | D:2      | HP: 1/45 [Crazy Yiuf/quarterstaff of chaos (4)]
  1752 | D:2      | Killed Crazy Yiuf
  1752 | D:2      | Reached XP level 5. HP: 1/53 MP: 4/4
  1752 | D:2      | Succumbed to Crazy Yiuf's poison

Skill      XL: |  1  2  3  4 |
---------------+-------------+-----
Dodging        | 3 |  3.1
Unarmed Combat | 4 |  4.6
Fighting       | 3 |  3.0
Stealth        | |  1.3

Action                   |  1- 3 |  4- 6 || total
-------------------------+-------+-------++-------
Melee: Unarmed           |    55 |    54 ||   109
       Headbutt          |       |     2 ||     2
       Punch             |       |     2 ||     2
  Use: Potion            |     4 |       ||     4
       Scroll            |       |     7 ||     7
 Stab: Sleeping          |     1 |     1 ||     2
  Eat: Chunk             |    10 |    10 ||    20
Armor: Robe              |    21 |    15 ||    36
Dodge: Dodged            |    25 |    30 ||    55
